 Dungeon Crawl Stone Soup version 0.23-a0-448-g1c01f63 (webtiles) character file.

248 Dfrag the Firebug (level 6, -4/49 HPs)
             Began as a Naga Fire Elementalist on Nov 20, 2018.
             Slain by an ogre
             ... wielding a +0 giant club
              (21 damage)
             ... on level 4 of the Dungeon.
             The game lasted 00:03:48 (2124 turns).

Dfrag the Firebug (Naga Fire Elementalist)          Turns: 2124, Time: 00:03:49

Health: -4/49      AC:  3    Str: 10    XL:     6   Next: 12%
Magic:  13/20      EV: 10    Int: 17    God:
Gold:   165        SH:  0    Dex: 12    Spells: 4/12 levels left

rFire    . . .     SeeInvis +   i - +3 dagger
rCold    . . .     Gourm    .   (no shield)
rNeg     . . .     Faith    .   a - +0 robe
rPois    +         Spirit   .   (no helmet)
rElec    .         Reflect  .   (no cloak)
rCorr    .         Harm     .   (no gloves)
MR       .....                  (no barding)
Stlth    ++........             (no amulet)
HPRegen  0.16/turn              m - ring of magical power
MPRegen  0.17/turn              (no ring)

@: very slow
A: large, see invisible, deformed body, poison resistance, slowness 2, slow
metabolism 1, spit poison 1, AC +2
a: Spit Poison


You were on level 4 of the Dungeon.
You were not hungry.

You visited 1 branch of the dungeon, and saw 4 of its levels.

You collected 165 gold pieces.

Inventory:

Hand Weapons
 i - a +3 dagger (weapon)
Armour
 a - a +0 robe (worn)
Jewellery
 m - a ring of magical power (left hand)
Wands
 b - a wand of paralysis (2)
Scrolls
 e - 3 scrolls of identify {unknown}
 f - a scroll of teleportation {unknown}
 j - a scroll of fear {unknown}
 k - a scroll of enchant armour {unknown}
 p - a scroll of amnesia {unknown}
Potions
 d - 2 potions of brilliance
 g - a potion of flight {unknown}
 h - a potion of heal wounds
 l - a potion of agility {unknown}
 n - a potion of mutation {unknown}
 o - a potion of berserk rage {unknown}
Comestibles
 c - 12 rations
 q - 4 chunks of flesh


   Skills:
 - Level 1.5 Dodging
 - Level 3.0 Stealth
 + Level 3.6 Spellcasting
 + Level 3.4 Conjurations
 + Level 4.5 Fire Magic


You had 4 spell levels left.
You knew the following spells:

 Your Spells              Type           Power        Failure   Level  Hunger
a - Flame Tongue          Conj/Fire      ###..        3%          1    None
b - Conjure Flame         Conj/Fire      ###.....     10%         3    ###....
c - Sticky Flame          Conj/Fire      ###.....     32%         4    ####...

Your spell library contained the following spells:

 Spells                   Type           Power        Failure   Level  Hunger
 Throw Flame              Conj/Fire      ###...       4%          2    ##.....
 Inner Flame              Hex/Fire       ##......     19%         3    ###....
 Fireball                 Conj/Fire      ###.......   65%         5    ######.


Dungeon Overview and Level Annotations

Branches:
Dungeon (4/15)
 Temple: D:4-7

Altars:
Qazlal


Innate Abilities, Weirdness & Mutations

You cannot wear boots.
Your serpentine skin is tough. (AC +2)
You have supernaturally acute eyesight. (SInv)
Armour fits poorly on your strangely shaped body.
Your system is resistant to poisons. (rPois)
You cover ground very slowly.
You have a slow metabolism.
You can spit poison.


Message History

Confirm with . or Enter, or press ? or * to list all spells.
Aiming: Flame Tongue (safe; 3% risk of failure)
Press: ? - help, Shift-Dir - straight line, f - orc
Aim: an orc, wielding a +0 vampiric hand axe The flame tongue hits the orc.
The orc is severely wounded.
The orc shouts!
The orc wizard shouts!
The orc shouts!
The ogre shouts!
Casting: Flame Tongue (safe; 3% risk of failure)
Confirm with . or Enter, or press ? or * to list all spells.
Aiming: Flame Tongue (safe; 3% risk of failure)
Press: ? - help, Shift-Dir - straight line, f/p - orc
Aim: an orc, wielding a +0 vampiric hand axe (severely wounded)
The flame tongue hits the orc.
The orc is almost dead.
The orc hits you but does no damage.
The orc hits you with a +0 vampiric hand axe.
The orc draws strength from your wounds!
A phantom comes into view.
The ogre hits you with a +0 giant club!!
You die...

.........
##....... .
##........ ..
.#........ ...
.........# ....
.........#.....
.⌠.....oO....#
....ooo@.....#
W.......#......
........# #....
.......## #..
.....#. #
.....## ##..
##.


You could see a phantom (wandering), an ogre, an orc wizard and 3 orcs.

Vanquished Creatures
  An ogre (D:4)
  A scorpion (D:4)
  Jessica (D:2)
  A worker ant (D:3)
  A dart slug (D:1)
  2 leopard geckos
  An orc (D:3)
  A ball python (D:2)
  4 giant cockroaches
  8 hobgoblins
  6 jackals
  2 quokkas
  4 bats
  4 frilled lizards
  8 goblins
  7 kobolds
  8 rats
60 creatures vanquished.

Notes
Turn   | Place    | Note
-------+----------+-------------------------------------------
     0 | D:1      | Dfrag the Naga Fire Elementalist began the quest for the
                  | Orb.
     0 | D:1      | Reached XP level 1. HP: 15/15 MP: 3/3
    78 | D:1      | Reached XP level 2. HP: 13/22 MP: 0/5
   310 | D:1      | Reached XP level 3. HP: 9/28 MP: 3/6
  1287 | D:2      | Noticed Jessica
  1292 | D:2      | Killed Jessica
  1292 | D:2      | Reached XP level 4. HP: 36/36 MP: 8/8
  1561 | D:3      | Paralysed by an orc for 2 turns
  1569 | D:3      | Paralysed by an orc for 4 turns
  1577 | D:3      | HP: 1/36 [orc/+0 club (6)]
  1647 | D:3      | Learned a level 3 spell: Conjure Flame
  1652 | D:3      | Learned a level 4 spell: Sticky Flame
  1673 | D:3      | Reached skill level 4 in Fire Magic
  1697 | D:3      | Found a stormy altar of Qazlal.
  2011 | D:4      | Noticed an ogre
  2024 | D:4      | Killed an ogre
  2024 | D:4      | Reached XP level 5. HP: 7/42 MP: 6/10
  2046 | D:4      | Reached XP level 6. HP: 4/49 MP: 1/11
  2124 | D:4      | Noticed a phantom
  2124 | D:4      | Slain by an ogre

Vault maps used:
D:1:      minmay_arrival_shattered_statue
D:2:      uniq_jessica
D:3:      lemuel_doored_altar, first_ration
D:4:      tso_oasis_becter, gup_sewer_entry_bowl, uniq_grinder

Skill      XL: |  1  2  3  4 |
---------------+-------------+-----
Conjurations   | 2 3 |  3.4
Spellcasting   | 3 |  3.6
Fire Magic     | 4 |  4.5
Dodging        | |  1.5
Stealth        | |  3.0

Action                   |  1- 3 |  4- 6 || total
-------------------------+-------+-------++-------
Melee: Unarmed           |     6 |       ||     6
       Dagger            |     3 |     1 ||     4
 Cast: Flame Tongue      |    38 |    37 ||    75
       Sticky Flame      |       |     2 ||     2
 Abil: Spit Poison       |    20 |    14 ||    34
  Use: Potion            |       |     3 ||     3
  Eat: Chunk             |     2 |     4 ||     6
Armor: Robe              |     5 |     9 ||    14
Dodge: Dodged            |    24 |    24 ||    48

Table legend:
 A = Non-vault XP
 B = Vault XP
 C = Vault XP percentage of total XP
 D = Non-vault monster count
 E = Vault monster count
 F = Vault count percentage of total count
                 A         B        C        D         E       F
            +---------+---------+-------+---------+---------+-------
      Total |     318 |      37 |  10.4 |      59 |       1 |   1.7
            +---------+---------+-------+---------+---------+-------
        D:1 |      43 |       0 |   0.0 |      25 |       0 |   0.0
        D:2 |      14 |      37 |  72.5 |       9 |       1 |  10.0
        D:3 |      69 |       0 |   0.0 |      23 |       0 |   0.0
        D:4 |     192 |       0 |   0.0 |       2 |       0 |   0.0
            +---------+---------+-------+---------+---------+-------
